 Dungeon Crawl Stone Soup version 0.27.1-33-g824d729ab1 (webtiles) character file.

Game seed: 2338482470433467813

19996 pkoi the Martial Artist (level 12, 0/97 HPs)
             Began as a Red Draconian Monk on Dec 6, 2021.
             Was a High Priest of the Shining One.
             Slain by a komodo dragon (10 damage)
             ... on level 1 of the Lair of Beasts.
             The game lasted 00:26:07 (22564 turns).

pkoi the Martial Artist (Red Draconian Monk)       Turns: 22564, Time: 00:26:07

Health: 0/97       AC: 11    Str: 14    XL:     12   Next: 41%
Magic:  17/17      EV: 16    Int: 24    God:    the Shining One [*****.]
Gold:   523        SH:  0    Dex: 20    Spells: 11/17 levels left

rFire    + . .     SeeInvis .     - Unarmed
rCold    . . .     Faith    .   (no shield)
rNeg     + + .     Spirit   .   (armour unavailable)
rPois    .         Reflect  .   x - +0 hat {Int+3}
rElec    .         Harm     .   p - +0 cloak
rCorr    .         Rampage  .   (no gloves)
Will     .....                  A - +1 pair of boots {Fly}
Stlth    +.........             (no amulet)
HPRegen  0.26/turn              y - +6 ring of dexterity
MPRegen  0.15/turn              B - +6 ring of intelligence

@: about to teleport, short of breath, flying, glowing
A: breathe fire, AC +8, unfitting armour, fire resistance 1, cold-blooded
a: Breathe Fire, Renounce Religion, Divine Shield, Cleansing Flame, Summon
Divine Warrior


You were on level 1 of the Lair of Beasts.
You worshipped the Shining One.
The Shining One was extremely pleased with you.
You visited 3 branches of the dungeon, and saw 14 of its levels.

You collected 1127 gold pieces.
You spent 604 gold pieces at shops.

Inventory:

Missiles
 h - 21 poisoned darts
 l - 6 curare-tipped darts
Armour
 p - a +0 cloak (worn)
 x - a +0 hat of intelligence (worn)
 A - a +1 pair of boots of flying (worn)
Jewellery
 u - an amulet of faith
 y - a +6 ring of dexterity (left hand)
 B - a +6 ring of intelligence (right hand)
Wands
 f - a wand of flame (19) (quivered)
 o - a wand of charming (8)
 s - a wand of iceblast (9)
 t - a wand of paralysis (15)
Scrolls
 a - 3 scrolls of teleportation
 b - 3 scrolls of enchant weapon
 c - 2 scrolls of enchant armour
 i - 3 scrolls of fear
 k - 4 scrolls of amnesia
 n - a scroll of brand weapon {unknown}
 v - a scroll of blinking {unknown}
 w - 2 scrolls of identify
Potions
 d - 6 potions of ambrosia
 g - 2 potions of cancellation
 j - 2 potions of resistance
 m - a potion of might
 q - a potion of heal wounds
 r - a potion of berserk rage
 z - a potion of curing
Miscellaneous
 e - a lightning rod (4/4)


   Skills:
 - Level 6.6 Fighting
 + Level 6.8 Dodging
 - Level 1.7 Stealth
 * Level 13.7 Unarmed Combat
 - Level 3.3 Spellcasting
 + Level 5.2 Conjurations
 - Level 3.0 Translocations
 + Level 5.7 Fire Magic
 + Level 4.8 Earth Magic
 + Level 5.2 Invocations
 - Level 6.0 Evocations


You had 11 spell levels left.
You knew the following spells:

 Your Spells              Type           Power      Damage    Failure   Level
a - Apportation           Tloc           36%        N/A       3%          1
b - Bolt of Magma         Conj/Fire/Erth 14%        4d8       32%         5

Your spell library contained the following spells:

 Spells                   Type           Power      Damage    Failure   Level
 Sandblast                Erth           54%        2d13      1%          1
 Stone Arrow              Conj/Erth      56%        3d10      3%          3
 Animate Skeleton         Necr           8%         N/A       11%         1
 Corona                   Hex            4%         N/A       11%         1
 Summon Small Mammal      Summ           16%        N/A       11%         1
 Corpse Rot               Necr/Air       N/A        N/A       16%         2
 Poisonous Vapours        Pois/Air       8%         N/A       16%         2
 Sublimation of Blood     Necr           2%         N/A       16%         2
 Petrify                  Tmut/Erth      15%        N/A       36%         4
 Irradiate                Conj/Tmut      8%         3d16      69%         5
 Freezing Cloud           Conj/Ice/Air   6%         6-21      80%         5
 Shatter                  Erth           13%        3d14*     100%        9
 Animate Armour           Summ/Erth      Unusable   N/A       N/A         4

Dungeon Overview and Level Annotations

Branches:
Dungeon (11/15)            Temple (1/1) D:6            Lair (2/6) D:11
    Orc (0/2) D:10
  Swamp: Lair:2-4    Shoals: Lair:2-4     Snake: Lair:2-4    Spider: Lair:2-4

Altars:
Ashenzari
Cheibriados
Dithmenos
Elyvilon
Fedhas
Gozag
Hepliaklqana
Kikubaaqudgha
Makhleb
Nemelex Xobeh
Okawaru
Qazlal
Ru
Sif Muna
Trog
Uskayaw
Vehumet
Wu Jian
Xom
Yredelemnul
Zin
The Shining One

Shops:
D:1 [   D:9 ![((*


Innate Abilities, Weirdness & Mutations

You can breathe blasts of fire.
Your fiery red scales are hard. (AC +8)
You cannot fit into any form of body armour.
Your flesh is heat resistant. (rF+)
You are cold-blooded and may be slowed by cold attacks.


Message History

Press: ? - help, Shift-Dir - straight line, f - komodo dragon
Aim: a komodo dragon (haloed)
You breathe a blast of fire.
The fiery breath hits the komodo dragon.
The komodo dragon is lightly wounded.
The komodo dragon is engulfed in blazing flames.
The komodo dragon bites you but does no damage.
You hit the komodo dragon.
The komodo dragon is moderately wounded.
Unknown command.
You hit the komodo dragon but do no damage.
The komodo dragon is moderately wounded.
The komodo dragon is engulfed in blazing flames.
The komodo dragon bites you!!
* * * LOW HITPOINT WARNING * * *
Unknown command.
You barely miss the komodo dragon.
You tail-slap the komodo dragon, but do no damage.
The komodo dragon is moderately wounded.
The komodo dragon is engulfed in blazing flames.
The komodo dragon bites you.
* * * LOW HITPOINT WARNING * * *
Unknown command.
Aiming: Paralyse
Press: ? - help, Shift-Dir - straight line, f/p - komodo dragon
Aim: a komodo dragon (flame, heavily wounded, haloed, chance to affect: 47%)
The komodo dragon resists with some effort.
The komodo dragon is engulfed in blazing flames.
The komodo dragon bites you.
* * * LOW HITPOINT WARNING * * *
Aiming: Paralyse
Press: ? - help, Shift-Dir - straight line, f/p - komodo dragon
Aim: a komodo dragon (flame, severely wounded, haloed, chance to affect: 47%)
Okay, then.
Unknown command.
As you read the scroll of teleportation, it crumbles to dust.
You feel strangely unstable.
The komodo dragon is engulfed in blazing flames.
The komodo dragon bites you!
You die...

................†................
.............!..>................
.....>...........†...............
...................[......)......
..............###.##..##.........
.#'###..#.##..###..##......######
.#............##......##...#.....
.#.........#...#......##!........
...........#..Yl@.....##...#.....
.#.........#.(.#.......#.........
.#.........#..#####.####...#.....
..............#####.###....##.#.#
.#####+####......................
.................................
.................................
P#########.########.#.####.######
## ### ##### ###


You could see a komodo dragon and a yak.

Vanquished Creatures
  Gastronok (D:8)
  A hydra (Lair:1)
  A two-headed ogre (D:8)
  An ugly thing (D:8)
  Pikel (D:7)
  A cyclops (D:8)
  2 cane toads (Lair:1)
  A gargoyle (D:8)
  A rime drake (Lair:1)
  4 kobold demonologists
  A komodo dragon (Lair:1)
  2 trolls
  A queen bee (D:9)
  Grinder (D:4)
  5 blink frogs
  A slime creature (D:7)
  2 vampires
  14 yaks
  4 wraiths
  5 basilisks (Lair:1)
  2 wyverns
  A steam dragon (D:10)
  A warg (D:10)
  7 water moccasins
  An acid dragon (D:9)
  A hornet zombie (D:5)
  2 ice beasts (D:7)
  5 orc warriors
  A sky beast (D:8)
  2 black bears
  The ghost of DemonSlayer the Chopper, an amateur DsBe of Trog (D:4)
  6 centaurs
  2 ogres
  A lemure (D:7)
  A phantom (D:5)
  3 kobold brigands (D:9)
  5 bullfrogs
  2 gnoll sergeants
  3 scorpions
  A wyvern skeleton (D:6)
  29 killer bees
  5 wights
  4 howler monkeys
  2 electric eels (D:9)
  2 lava snakes (D:9)
  A hound (D:6)
  5 centaur zombies
  2 gnoll shamans (D:7)
  A jelly (D:5)
  3 bullfrog skeletons
  Crazy Yiuf (D:5)
  10 orc wizards
  3 iguanas
  2 killer bee zombies
  20 gnolls
  A howler monkey skeleton (D:6)
  6 adders
  A shadow imp (D:8)
  A white imp (D:6)
  2 ufetubi (D:6)
  An adder skeleton (D:4)
  3 worms
  3 dart slugs
  28 orcs
  6 endoplasms
  13 giant cockroaches
  9 goblins
  3 hobgoblins
  9 jackals
  2 quokkas
  7 ball pythons
  7 bats
  8 frilled lizards
  8 kobolds
  A rat (D:3)
307 creatures vanquished.

Vanquished Creatures (others)
  4 fungi
  14 plants
18 creatures vanquished.

Grand Total: 325 creatures vanquished

Notes
Turn   | Place    | Note
-------+----------+-------------------------------------------
     0 | D:1      | pkoi the Draconian Monk began the quest for the Orb.
     0 | D:1      | Reached XP level 1. HP: 19/19 MP: 1/1
   310 | D:1      | Found Fepruiw's Armour Boutique.
   583 | D:1      | Reached XP level 2. HP: 26/26 MP: 2/2
   883 | D:2      | Reached skill level 4 in Unarmed Combat
  1248 | D:2      | Reached XP level 3. HP: 25/31 MP: 3/3
  2047 | D:2      | Found a faded altar of an unknown god.
  2321 | D:3      | Noticed a gnoll sergeant
  2400 | D:3      | Found a glowing golden altar of the Shining One.
  2401 | D:3      | Found an opulent altar of Gozag.
  2401 | D:3      | Found an iron altar of Okawaru.
  2411 | D:3      | Reached XP level 4. HP: 38/38 MP: 4/4
  2415 | D:3      | Reached skill level 5 in Unarmed Combat
  2422 | D:3      | Became a worshipper of the Shining One
  2422 | D:3      | Reached * piety under the Shining One
  2422 | D:3      | Reached ** piety under the Shining One
  3208 | D:4      | Reached skill level 1 in Evocations
  3261 | D:4      | Found a runed translucent door.
  3262 | D:4      | Noticed DemonSlayer's ghost (amateur DsBe)
  3262 | D:4      | Noticed an orc warrior
  3265 | D:4      | Noticed an ogre
  3284 | D:4      | Killed an ogre
  3285 | D:4      | Reached skill level 1 in Invocations
  3285 | D:4      | Reached XP level 5. HP: 45/45 MP: 4/6
  3397 | D:4      | Noticed Grinder
  3412 | D:4      | Paralysed by Grinder for 2 turns
  3450 | D:4      | Killed Grinder
  3451 | D:4      | Reached skill level 6 in Unarmed Combat
  3451 | D:4      | Reached XP level 6. HP: 51/51 MP: 7/7
  3707 | D:4      | Your scales start taking on a fiery red colour.
  3707 | D:4      | Reached XP level 7. HP: 54/57 MP: 9/9
  3707 | D:4      | Gained mutation: Your flesh is heat resistant. (rF+) [Red
                  | Draconian growth]
  3914 | D:3      | Found a shimmering altar of Xom.
  4073 | D:3      | Reached skill level 7 in Unarmed Combat
  4785 | D:5      | Entered Level 5 of the Dungeon
  5072 | D:5      | Reached XP level 8. HP: 49/63 MP: 11/11
  5322 | D:5      | Reached skill level 8 in Unarmed Combat
  5822 | D:5      | You fall into a shaft and drop 1 floor!
  6225 | D:5      | Found a runed translucent door.
  6226 | D:5      | Noticed Crazy Yiuf
  6230 | D:5      | Killed Crazy Yiuf
  6626 | D:6      | Reached *** piety under the Shining One
  6750 | D:6      | Reached skill level 5 in Evocations
  6903 | D:6      | Reached skill level 9 in Unarmed Combat
  7201 | D:6      | Found a staircase to the Ecumenical Temple.
  7524 | Temple   | Entered the Ecumenical Temple
  8543 | D:7      | Noticed Pikel
  8549 | D:7      | Killed Pikel
  8550 | D:7      | Reached skill level 10 in Unarmed Combat
  8550 | D:7      | Reached XP level 9. HP: 66/70 MP: 12/12
  8582 | D:7      | Learned a level 1 spell: Apportation
  8588 | D:7      | Learned a level 5 spell: Bolt of Magma
  8961 | D:6      | Noticed a skeletal warrior
  8961 | D:6      | Noticed a kobold demonologist
  8961 | D:6      | Noticed a troll
  9009 | D:6      | Killed a kobold demonologist
  9010 | D:6      | Reached skill level 1 in Conjurations
  9010 | D:6      | Reached skill level 1 in Translocations
  9010 | D:6      | Reached skill level 1 in Fire Magic
  9010 | D:6      | Reached skill level 1 in Earth Magic
  9277 | D:7      | Reached skill level 1 in Spellcasting
 10531 | D:6      | Reached **** piety under the Shining One
 10896 | D:7      | Reached skill level 11 in Unarmed Combat
 11174 | D:6      | Killed a troll
 11175 | D:6      | Reached XP level 10. HP: 64/80 MP: 13/13
 11412 | D:8      | Found a hide-covered altar of Uskayaw.
 11413 | D:8      | Noticed a +0 dagger
 11413 | D:8      | Noticed a +0 dagger
 11540 | D:8      | Noticed a red ugly thing
 11672 | D:8      | Killed a red ugly thing
 12203 | D:8      | Noticed a cyclops
 12214 | D:8      | Killed a cyclops
 12225 | D:8      | Got Leavo's Grimoire of Stones
 12296 | D:8      | Noticed Gastronok
 12316 | D:8      | Killed Gastronok
 12317 | D:8      | Reached skill level 5 in Fighting
 12739 | D:8      | Noticed a gargoyle
 12782 | D:8      | Killed a gargoyle
 13346 | D:8      | Identified the +6 trident of Hiex {chaos, rF+ Str+4}
 13428 | D:9      | Found a glowing silver altar of Zin.
 13428 | D:9      | Found a hazy altar of Hepliaklqana.
 13441 | D:9      | Found Rubemy's Armour Emporium.
 13454 | D:9      | Found Tuckefet's Weapon Boutique.
 13459 | D:9      | Noticed a two-headed ogre
 13691 | D:8      | Killed a two-headed ogre
 13692 | D:8      | Reached XP level 11. HP: 59/89 MP: 16/16
 14171 | D:9      | Bought a +1 pair of boots of flying for 280 gold pieces
 14299 | D:9      | Reached skill level 12 in Unarmed Combat
 14332 | D:9      | Found an ornate altar of the Wu Jian Council.
 14628 | D:9      | Found Niezeg's Weapon Shoppe.
 14810 | D:9      | Found Liostaibb's Distillery.
 14813 | D:9      | Bought a potion of degeneration for 12 gold pieces
 14816 | D:9      | Bought a potion of curing for 36 gold pieces
 14816 | D:9      | Bought 2 potions of heal wounds for 120 gold pieces
 14816 | D:9      | Bought a potion of attraction for 36 gold pieces
 15063 | D:9      | Found Gasish's General Store.
 15066 | D:9      | Bought a potion of invisibility for 120 gold pieces
 15487 | D:9      | Reached skill level 5 in Dodging
 15716 | D:4      | Killed DemonSlayer's ghost
 17737 | D:9      | Found a stormy altar of Qazlal.
 17836 | D:10     | Entered Level 10 of the Dungeon
 18386 | D:10     | Found a staircase to the Orcish Mines.
 19052 | D:11     | Reached skill level 13 in Unarmed Combat
 19756 | D:11     | Noticed a skeletal warrior
 19756 | D:11     | Noticed a skeletal warrior
 19756 | D:11     | Noticed a skeletal warrior
 19756 | D:11     | Noticed a skeletal warrior
 19756 | D:11     | Noticed a skeletal warrior
 19756 | D:11     | Reached ***** piety under the Shining One
 20051 | D:11     | Found a staircase to the Lair.
 20060 | Lair:1   | Entered Level 1 of the Lair of Beasts
 20424 | D:11     | Reached XP level 12. HP: 81/97 MP: 17/17
 20781 | Lair:1   | Reached skill level 5 in Fire Magic
 21398 | Lair:1   | Reached skill level 5 in Conjurations
 21645 | Lair:1   | Reached skill level 5 in Invocations
 22151 | Lair:1   | Noticed an eight-headed hydra
 22157 | Lair:1   | Killed an eight-headed hydra
 22564 | Lair:1   | Slain by a komodo dragon

Illustrated notes

Levels and vault maps discovered:
D:1:      beargit_arrival_diablo_church, layout_basic, serial_shops, shop
D:2:      layout_loops_cross, hellmonk_ecumenical_altar_pennies_from_heaven,
          minmay_misc_feat_tiny
D:3:      minmay_roachtagon, layout_basic, nicolae_overflow_crystal_walls,
          grunt_temple_overflow_open, serial_glass, glass_columns_c,
          glass_columns_b
D:4:      layout_basic, ebering_ghost_inner_flame,
          hangedman_abyss_or_decor_jellyfish_corner, minmay_lizard_king,
          uniq_grinder
D:5:      layout_loops_ring, kennysheep_generic_room_15, uniq_crazy_yiuf_cottage
D:6:      minmay_klotski, layout_loops_ring, minmay_temple_entry_fiery
D:7:      layout_layer_cave, minmay_misc_feat_iff, uniq_pikel
D:8:      layout_rooms, dancing_weapons_uskayaw, minmay_diamond_spiral,
          uniq_gastronok
D:9:      layout_gridville, mainiacjoe_overflow_paths,
          mainiacjoe_overflow_alcove_2, gammafunk_temple_overflow_wave,
          serial_shops, nicolae_stop_n_shop_2, kennysheep_mini_moat,
          nicolae_inconvenience_store, nicolae_shop_stone, kennysheep_mini,
          special_room [special_room_bee], kennysheep_cross_bottleneck,
          kennysheep_generic_room_11
D:10:     layout_loops_corners, erik_orc_3
D:11:     layout_rooms, lair_entry_dummy
Temple:   dshaligram_water_room_temple
Lair:1:   layout_regular_city
Lair:2:   layout_small_grid

Skill      XL: |  1  2  3  4  5  6  7  8  9 10 11 12 |
---------------+-------------------------------------+-----
Unarmed Combat | 4 5 6 7 10 11 13 | 13.7
Evocations     | 1 2 4 5 6 |  6.0
Invocations    | 1 2 3 4 5 |  5.2
Conjurations   | 2 4 5 |  5.2
Translocations | 2 3 |  3.0
Fire Magic     | 2 4 5 |  5.7
Earth Magic    | 2 3 4 |  4.8
Dodging        | 3 4 6 |  6.8
Spellcasting   | 2 3 |  3.3
Fighting       | 4 5 6 |  6.6
Stealth        | |  1.7

Action                   |  1- 3 |  4- 6 |  7- 9 | 10-12 || total
-------------------------+-------+-------+-------+-------++-------
Melee: Unarmed           |   150 |   112 |   286 |   555 ||  1103
       Tailslap          |    16 |    16 |    31 |    88 ||   151
       Punch             |     4 |     1 |    13 |    36 ||    54
Throw: Dart              |       |     1 |       |       ||     1
Invok: Divine Shield     |       |     1 |     1 |     4 ||     6
 Abil: Breathe Fire      |       |       |    16 |    37 ||    53
Evoke: Wand              |       |     2 |     3 |    10 ||    15
  Use: Potion            |     1 |     1 |       |     8 ||    10
       Scroll            |       |     6 |     6 |     9 ||    21
 Stab: Sleeping          |     6 |       |       |       ||     6
Armor: Skin              |    75 |    29 |    73 |   217 ||   394
Dodge: Dodged            |   118 |    56 |   172 |   540 ||   886
Block: Other             |       |     3 |     1 |    71 ||    75
